 Dungeon Crawl Stone Soup version 0.26-a0-682-g294304f6e8 (webtiles) character file.

Game seed: 10582333528584731804

13206 lunkers the Frost Mage (level 11, -36/84 HPs)
             Began as a Vampire Ice Elementalist on Oct 21, 2020.
             Was an Elder of Vehumet.
             Annihilated by Rupert
             ... wielding a +3 battleaxe of flaming
              (39 damage)
             ... on level 12 of the Dungeon.
             The game lasted 00:38:38 (14153 turns).

lunkers the Frost Mage (Vampire Ice Elementalist)  Turns: 14153, Time: 00:38:38

Health: -36/84     AC: 10    Str: 12    XL:     11   Next: 72%
Magic:  20/33      EV: 12    Int: 28    God:    Vehumet [****..]
Gold:   471        SH:  0    Dex: 11    Spells: 11/28 levels left

rFire    . . .     SeeInvis +   a - +3 dagger (drain)
rCold    . . .     Faith    .   (no shield)
rNeg     . . .     Spirit   .   L - +3 leather armour of the Dice {Str+5 Dex-3 Stlth+}
rPois    .         Reflect  .   r - +0 helmet
rElec    .         Harm     .   y - +0 cloak
rCorr    .         Rampage  .   k - +1 pair of gloves
MR       +....                  (no boots)
Stlth    +++.......             (no amulet)
HPRegen  0.44/turn              K - ring of magical power
MPRegen  0.23/turn              F - +6 ring of intelligence

@: about to teleport, frozen ramparts, regenerating quickly
A: fangs 3, see invisible, unbreathing
a: Exsanguinate, Renounce Religion


You were on level 12 of the Dungeon.
You worshipped Vehumet.
Vehumet was greatly pleased with you.
You visited 3 branches of the dungeon, and saw 14 of its levels.

You collected 967 gold pieces.
You spent 496 gold pieces at shops.

Inventory:

Hand Weapons
 a - a +3 dagger of draining (weapon)
 b - the +9 spear of Pride {speed, *Corrode rF- rC++ MR++}
   (You found it on level 7 of the Dungeon)

   Attacks with this weapon are significantly faster.
   It makes you vulnerable to fire.
   It greatly protects you from cold.
   It affects your resistance to hostile enchantments.
   It may corrode you when you take damage.
 d - a +0 short sword
Armour
 h - a scarf of shadows
 k - a +1 pair of gloves (worn)
 r - a +0 helmet (worn)
 y - a +0 cloak (worn)
 L - the +3 leather armour of the Dice (worn) {Str+5 Dex-3 Stlth+}
   (You bought it in a shop on level 11 of the Dungeon)

   It affects your strength (+5).
   It affects your dexterity (-3).
   It makes you more stealthy.
Jewellery
 c - an uncursed ring of protection from fire
 f - the ring of Aqeehob {rPois MR+ Slay+2 Stlth+, unknown}
   (You found it on level 12 of the Dungeon)

   [ring of stealth]

   It affects your accuracy and damage with ranged weapons and melee attacks
   (+2).
   It protects you from poison.
   It affects your resistance to hostile enchantments.
   It makes you more stealthy.
 p - an uncursed ring of ice
 C - a +4 ring of slaying
 D - a +6 ring of dexterity
 F - a +6 ring of intelligence (right hand)
 K - a ring of magical power (left hand)
Wands
 s - a wand of digging (11)
 u - a wand of flame (41)
 z - a wand of enslavement (3)
 E - a wand of polymorph (3)
 H - a wand of iceblast (34)
 J - a wand of paralysis (16)
Scrolls
 e - 7 scrolls of enchant armour
 g - 3 scrolls of noise {unknown}
 i - 5 scrolls of teleportation
 l - 2 scrolls of enchant weapon
 m - 5 scrolls of identify
 x - a scroll of amnesia {unknown}
 B - a scroll of fog {unknown}
 I - 2 scrolls of fear {unknown}
Potions
 j - a potion of stabbing
 n - 5 potions of lignification
 o - 3 potions of brilliance
 q - 2 potions of mutation
 v - 5 potions of curing
 w - a potion of flight
 A - a potion of heal wounds
 G - a potion of berserk rage


   Skills:
 + Level 7.4 Fighting
 - Level 2.1 Dodging
 - Level 3.0 Stealth
 + Level 9.4 Spellcasting
 * Level 14.0 Ice Magic


You had 11 spell levels left.
You knew the following spells:

 Your Spells              Type           Power        Failure   Level
a - Freeze                Ice            ####         0%          1
b - Frozen Ramparts       Ice            ######       1%          3
c - Ozocubu's Armour      Ice            #######.     1%          3
d - Summon Ice Beast      Ice/Summ       ######..     3%          4
e - Ozocubu's Refrigerat  Ice            #######...   1%          6

Your spell library contained the following spells:

 Spells                   Type           Power        Failure   Level
 Hailstorm                Conj/Ice       ######..     1%          4


Dungeon Overview and Level Annotations

Branches:
Dungeon (12/15)            Temple (1/1) D:6            Lair (1/6) D:8
    Orc (0/2) D:9

Altars:
Cheibriados
Dithmenos
Elyvilon
Fedhas
Gozag
Makhleb
Uskayaw
Vehumet
Wu Jian
Yredelemnul
Zin
Beogh

Shops:
D:6 }*   D:8 [   D:11 [

Annotations:
D:2 Sigmund
D:12 Rupert
Lair:1 Maggie


Innate Abilities, Weirdness & Mutations

Your natural rate of healing is unusually fast.
You have razor-sharp teeth.
You have supernaturally acute eyesight. (SInv)
You can survive without breathing.


Message History

Rupert hits your ice beast with a +3 battleaxe of flaming!!
Rupert melts your ice beast.
The wall freezes Rupert!
Rupert hits you with a +3 battleaxe of flaming!!
* * * LOW HITPOINT WARNING * * *
Rupert burns you!
* * * LOW HITPOINT WARNING * * *
Rupert hits your ice beast with a +3 battleaxe of flaming!
Rupert melts your ice beast.
Your ice beast dies!
Rupert barely misses your ice beast.
Your ice beast hits Rupert but does no damage.
The wall freezes Rupert.
Rupert hits your ice beast with a +3 battleaxe of flaming!!
Rupert melts your ice beast!
Your ice beast dies!
As you read the scroll of teleportation, it crumbles to dust.
You feel strangely unstable.
The wall freezes Rupert.
The wall freezes Rupert.
Rupert hits you with a +3 battleaxe of flaming!!!
You die...

# #....# .......##.####
#+####......(###
#........).#
#.........#.## ####+####
#..........#..# #........
..........<##.###....$...
............##..##........
...........###@##........
..........# #.@#........
....... ##.'........
###........ #########


You could see Rupert (berserk).

Vanquished Creatures
  2 two-headed ogres (D:8)
  2 ugly things (D:11)
  A cyclops (D:11)
  A gargoyle (D:10)
  2 trolls (D:9)
  Grinder (D:6)
  5 yaks (D:10)
  A wraith (D:10)
  2 wyverns (D:8)
  2 water moccasins
  3 ice beasts
  10 orc warriors
  A sky beast (D:9)
  A black bear (D:8)
  A hornet zombie (D:7)
  A necrophage (D:10)
  7 ogres
  6 centaurs
  4 bullfrogs
  8 big kobolds
  A wyvern zombie (D:11)
  2 scorpions
  A wyvern skeleton (D:10)
  A killer bee (D:6)
  2 howler monkeys
  4 wights
  2 electric eels (D:6)
  4 centaur zombies
  A crimson imp (D:3)
  3 hounds
  A centaur skeleton (D:11)
  5 jellies
  2 gnoll shamans
  6 orc priests
  9 orc wizards
  Crazy Yiuf (D:5)
  Jessica (D:3)
  6 iguanas
  13 worker ants
  A killer bee zombie (D:7)
  A hound zombie (D:7)
  A howler monkey skeleton (D:6)
  7 adders
  12 gnolls
  A shadow imp (D:6)
  2 white imps (D:7)
  2 ufetubi
  3 oozes
  2 worms
  7 leopard geckos
  37 orcs
  2 bats
  6 giant cockroaches
  4 goblins (D:3)
  6 hobgoblins
  10 jackals
  52 kobolds
  4 quokkas
  A ball python (D:1)
  A ball python zombie (D:5)
  5 frilled lizards
  A jackal skeleton (D:4)
  A leopard gecko zombie (D:6)
  4 rats
299 creatures vanquished.

Vanquished Creatures (collateral kills)
  2 two-headed ogres
  An ugly thing (D:12)
  A black mamba (D:8)
  A kobold demonologist (D:11)
  Prince Ribbit (D:9)
  A wraith (D:10)
  A yak (D:8)
  A basilisk (D:8)
  A phantom (D:10)
  An orc warrior (D:9)
  A big kobold (D:10)
  A scorpion (D:10)
  4 wights
  A howler monkey (D:10)
  A hound (D:11)
19 creatures vanquished.

Grand Total: 318 creatures vanquished

Notes
Turn   | Place    | Note
-------+----------+-------------------------------------------
     0 | D:1      | lunkers the Vampire Ice Elementalist began the quest for
                  | the Orb.
     0 | D:1      | Reached XP level 1. HP: 13/13 MP: 3/3
   181 | D:1      | Reached XP level 2. HP: 19/19 MP: 3/5
  1033 | D:2      | Noticed Sigmund
  1065 | D:2      | Reached XP level 3. HP: 11/24 MP: 0/6
  1324 | D:3      | Learned a level 3 spell: Frozen Ramparts
  1328 | D:3      | Learned a level 3 spell: Ozocubu's Armour
  1424 | D:3      | Noticed Jessica
  1431 | D:3      | Killed Jessica
  1431 | D:3      | Reached skill level 5 in Ice Magic
  1431 | D:3      | Reached XP level 4. HP: 30/30 MP: 4/8
  1612 | D:3      | Found a glowing silver altar of Zin.
  1681 | D:3      | Found a basalt altar of Yredelemnul.
  1732 | D:3      | Found a white marble altar of Elyvilon.
  1861 | D:3      | Found a radiant altar of Vehumet.
  1862 | D:3      | Found a burning altar of Makhleb.
  1870 | D:3      | Became a worshipper of Vehumet
  2026 | D:4      | Reached XP level 5. HP: 29/35 MP: 5/9
  2062 | D:4      | Reached skill level 6 in Ice Magic
  2336 | D:4      | Found a hide-covered altar of Uskayaw.
  2354 | D:4      | Reached XP level 6. HP: 23/41 MP: 3/11
  2853 | D:4      | Reached skill level 7 in Ice Magic
  2991 | D:5      | Entered Level 5 of the Dungeon
  3012 | D:5      | Reached XP level 7. HP: 13/46 MP: 6/13
  3445 | D:5      | Found a runed translucent door.
  3446 | D:5      | Noticed Crazy Yiuf
  3589 | D:5      | Found a snail-covered altar of Cheibriados.
  3995 | D:5      | Killed Crazy Yiuf
  4058 | D:6      | Found Xedagh's Lightly-Used Armoury.
  4070 | D:6      | Found Otrainua's Gadget Shoppe.
  4126 | D:6      | Reached skill level 8 in Ice Magic
  4233 | D:6      | Reached * piety under Vehumet
  4233 | D:6      | Offered knowledge of Sandblast by Vehumet.
  4319 | D:6      | Found a staircase to the Ecumenical Temple.
  4369 | D:6      | Reached skill level 5 in Spellcasting
  4673 | D:6      | Reached XP level 8. HP: 52/52 MP: 15/15
  4770 | D:6      | Reached skill level 9 in Ice Magic
  4824 | D:6      | Learned a level 4 spell: Summon Ice Beast
  4859 | D:6      | Found an opulent altar of Gozag.
  4966 | D:6      | You fall into a shaft and drop 1 floor!
  4984 | D:7      | Found an ornate altar of the Wu Jian Council.
  5043 | D:7      | Reached skill level 1 in Fighting
  5492 | D:7      | Got a steaming spear
  5493 | D:7      | Identified the +9 spear of Pride {speed, *Corrode rF- rC++
                  | MR++} (You found it on level 7 of the Dungeon)
  5530 | D:7      | Found a shadowy altar of Dithmenos.
  5743 | D:7      | Offered knowledge of Magic Dart by Vehumet.
  5744 | D:7      | Reached ** piety under Vehumet
  6242 | D:7      | Reached skill level 10 in Ice Magic
  6391 | D:6      | Found a blossoming altar of Fedhas.
  6656 | Temple   | Entered the Ecumenical Temple
  6713 | D:6      | Reached XP level 9. HP: 18/62 MP: 15/18
  6965 | D:6      | Offered knowledge of Inner Flame by Vehumet.
  7139 | D:6      | Noticed Grinder
  7140 | D:6      | Paralysed by Grinder for 6 turns
  7158 | D:6      | Paralysed by Grinder for 4 turns
  7166 | D:6      | Paralysed by Grinder for 5 turns
  7178 | D:6      | Killed Grinder
  7178 | D:6      | Reached *** piety under Vehumet
  7375 | D:6      | Offered knowledge of Sticky Flame by Vehumet.
  8047 | D:8      | Reached skill level 11 in Ice Magic
  8231 | D:8      | HP: 1/65 [centaur (6)]
  8438 | D:8      | Noticed a two-headed ogre
  8458 | D:8      | Killed a two-headed ogre
  8650 | D:8      | Reached XP level 10. HP: 66/73 MP: 21/21
  8696 | D:8      | Noticed a manticore
  8698 | D:8      | Noticed a cyclops
  8711 | D:8      | Noticed a tengu warrior
  8712 | D:8      | Noticed a gargoyle
  8731 | D:8      | Noticed a manticore
  8763 | D:8      | Noticed a two-headed ogre
  8772 | D:8      | Killed a two-headed ogre
  8772 | D:8      | Reached skill level 5 in Fighting
  8943 | D:8      | Found a staircase to the Lair.
  8949 | D:8      | Reached skill level 12 in Ice Magic
  9077 | D:8      | Found Xixzoini's Armour Shop.
  9426 | D:8      | Reached **** piety under Vehumet
  9771 | D:9      | Offered knowledge of Conjure Flame by Vehumet.
 10050 | D:9      | Found a roughly hewn altar of Beogh.
 10050 | D:9      | Found a staircase to the Orcish Mines.
 11013 | D:9      | Noticed Prince Ribbit
 11025 | D:9      | Killed Prince Ribbit
 11025 | D:9      | Reached XP level 11. HP: 66/81 MP: 8/23
 11190 | D:9      | Noticed a two-headed ogre
 11198 | D:9      | HP: 3/81 [two-headed ogre/+0 giant spiked club (2)]
 11198 | D:9      | Killed a two-headed ogre
 11198 | D:9      | Reached skill level 13 in Ice Magic
 11571 | D:10     | Entered Level 10 of the Dungeon
 11696 | D:10     | Noticed a two-headed ogre
 11707 | D:10     | Killed a two-headed ogre
 12687 | D:11     | Reached ***** piety under Vehumet
 12758 | D:11     | Noticed a cyan ugly thing
 12760 | D:11     | Noticed a cyan ugly thing
 12775 | D:11     | HP: 4/83 [cyan ugly thing (13)]
 12779 | D:11     | Killed a cyan ugly thing
 12781 | D:11     | Killed a cyan ugly thing
 12988 | D:11     | Offered knowledge of Ozocubu's Refrigeration by Vehumet.
 12996 | D:11     | Learned a level 6 spell: Ozocubu's Refrigeration
 13196 | D:11     | Found Ezol's Antique Armour Shop.
 13207 | D:11     | Bought a blackened leather armour for 217 gold pieces
 13207 | D:11     | Bought a brightly glowing hat for 279 gold pieces
 13217 | D:11     | Identified the +3 leather armour of the Dice {Str+5 Dex-3
                  | Stlth+} (You bought it in a shop on level 11 of the
                  | Dungeon)
 13227 | D:11     | Identified the cursed -4 hat of Hangman {Harm} (You bought
                  | it in a shop on level 11 of the Dungeon)
 13720 | Lair:1   | Entered Level 1 of the Lair of Beasts
 13720 | Lair:1   | Noticed an eight-headed hydra
 13728 | Lair:1   | Noticed Maggie
 13971 | D:12     | Noticed a cyan ugly thing
 13980 | D:12     | Killed a cyan ugly thing
 13980 | D:12     | Reached skill level 14 in Ice Magic
 14044 | D:12     | Got a smoking tin ring
 14142 | D:12     | Noticed Rupert
 14150 | D:12     | HP: 2/84 [Rupert/+3 battleaxe of flaming (12)]
 14153 | D:12     | Annihilated by Rupert

Illustrated notes

Levels and vault maps discovered:
D:1:      enne_arrival_octagon_isle, layout_basic
D:2:      layout_loops_cross, grunt_temple_overflow_opulence, uniq_sigmund
D:3:      layout_loops_cross, grunt_temple_overflow_lords_of_destruction,
          kennysheep_ying_yang, overflow_temple_1_default,
          minmay_goblin_outpost, uniq_jessica
D:4:      layout_loops_ring, old_standard_altar
D:5:      layout_gridville, basic_altar, uniq_crazy_yiuf_cottage
D:6:      minmay_goblin_kobold_castle, layout_basic, fedhas_ov_isle_minmay,
          temple_doors_ab, serial_shops, nicolae_shop_trees,
          minmay_shop_damaged, chequers_avenue,
          nicolae_gozag_cash_rules_everything_around_me, uniq_grinder
D:7:      layout_basic, overflow_temple_1_default, lemuel_coloured_pillars_altar
D:8:      layout_gridville, david_lair_generic, serial_shops, shop, minivault_12
D:9:      layout_grid_maze, david_orc_5, minmay_misc_feat_diagonals,
          grunt_ministairs_2, uniq_prince_ribbit1
D:10:     layout_cave_pools
D:11:     layout_rooms, serial_shops, shop
D:12:     layout_roguey, grunt_decor_arrowhead, uniq_rupert
Temple:   minmay_temple_curvy_loop
Lair:1:   layout_cave_pods, lemuel_fruit_fields, grunt_megastairs_5, uniq_maggie

Skill      XL: |  1  2  3  4  5  6  7  8  9 10 11 |
---------------+----------------------------------+-----
Ice Magic      | 5 6 7 8 10 11 12 14 | 14.0
Spellcasting   | 3 4 5 6 7 8 9 |  9.4
Fighting       | 2 4 6 7 |  7.4
Dodging        | |  2.1
Stealth        | |  3.0

Action                   |  1- 3 |  4- 6 |  7- 9 | 10-12 || total
-------------------------+-------+-------+-------+-------++-------
Melee: Unarmed           |     3 |       |       |       ||     3
       Short sword       |     5 |     3 |       |       ||     8
       Bite              |     2 |       |    13 |    25 ||    40
       Dagger            |       |     7 |   196 |   161 ||   364
 Cast: Freeze            |    42 |    34 |   138 |   131 ||   345
       Frozen Ramparts   |       |     8 |    31 |    30 ||    69
       Ozocubu's Armour  |       |       |    11 |     6 ||    17
       Summon Ice Beast  |       |       |     3 |    41 ||    44
       Ozocubu's Refrige |       |       |       |     3 ||     3
Evoke: Wand              |       |       |    13 |       ||    13
  Use: Scroll            |       |       |     6 |    11 ||    17
 Stab: Distracted        |       |       |       |     2 ||     2
       Sleeping          |       |       |       |     2 ||     2
Armor: Robe              |     1 |       |       |       ||     1
       Leather armour    |    10 |     7 |   129 |   108 ||   254
Dodge: Dodged            |    30 |    26 |   237 |   223 ||   516

Table legend: (Time is in decaauts)
 A = Elapsed time spent in this place.
 B = Non-inter-level travel time spent in this place.
 C = Inter-level travel time spent in this place.
 D = Time resting spent in this place.
 E = Time spent auto-exploring this place.
 F = Levels seen in this place.
 G = Mean time per level.
                   A        B        C        D        E       F      G
               +--------+--------+--------+--------+--------+-----+--------+
         Total |  14175 |  13760 |    415 |    262 |  10573 |  14 | 1012.5 |
       Dungeon |  14156 |  13741 |    415 |    262 |  10573 |  12 | 1179.7 |
        Temple |      9 |      9 |      0 |      0 |      0 |   1 |    9.0 |
          Lair |      8 |      8 |      0 |      0 |      0 |   1 |    8.0 |
               +--------+--------+--------+--------+--------+-----+--------+

Top non-repeatable levels by time:
     D:9: 2316 daAuts
     D:6: 2284 daAuts
     D:7: 1691 daAuts
     D:8: 1573 daAuts
     D:5: 1051 daAuts
    D:10: 1047 daAuts
    D:11: 994 daAuts
     D:4: 951 daAuts
     D:3: 936 daAuts
     D:1: 915 daAuts
    D:12: 200 daAuts
     D:2: 194 daAuts
  Temple: 9 daAuts
  Lair:1: 8 daAuts
